 Dungeon Crawl Stone Soup version 0.28-a0-1292-gb4563b27b3 (webtiles) character file.

Game seed: 3639128108223528171

28 Ijustatesigmund the Skirmisher (level 3, 0/34 HPs)
             Began as a Hill Orc Fighter on Dec 27, 2021.
             Frozen to death by an endoplasm (1 damage)
             ... on level 2 of the Dungeon.
             The game lasted 00:01:28 (828 turns).

Ijustatesigmund the Skirmisher (Hill Orc Fighter)    Turns: 828, Time: 00:01:29

Health: 0/34       AC:  8    Str: 18    XL:     3   Next: 12%
Magic:  3/3        EV:  9    Int: 10    God:
Gold:   43         SH:  4    Dex: 10    Spells: 2/2 levels left

rFire   . . .      SeeInvis .   a - +0 war axe
rCold   . . .      Faith    .   c - +0 buckler
rNeg    . . .      Spirit   .   b - +0 scale mail
rPois   .          Reflect  .   (no helmet)
rElec   .          Harm     .   (no cloak)
rCorr   .          Rampage  .   (no gloves)
Will    .....                   i - +0 pair of boots
Stlth   ..........              (no amulet)
HPRegen 0.11/turn               (no ring)
MPRegen 0.08/turn               (no ring)

@: no status effects
A: no striking features
a: no special abilities


You were on level 2 of the Dungeon.
You visited 1 branch of the dungeon, and saw 2 of its levels.

You collected 43 gold pieces.

Inventory:

Hand Weapons
 a - a +0 war axe (weapon)
Missiles
 f - 18 poisoned darts (quivered)
Armour
 b - a +0 scale mail (worn)
 c - a +0 buckler (worn)
 i - a +0 pair of boots (worn)
Jewellery
 j - a ring of fire
 l - a ring of magical power
Scrolls
 e - a scroll of torment {unknown}
 g - 3 scrolls of teleportation {unknown}
 h - 4 scrolls of identify {unknown}
 k - a scroll of magic mapping {unknown}
 n - a scroll of silence {unknown}
Potions
 d - a potion of might
 m - a potion of experience {unknown}


   Skills:
 + Level 4.3 Fighting
 * Level 3.8 Axes
 - Level 3.2 Armour
 - Level 0.1 Dodging
 - Level 3.2 Shields


You had 2 spell levels left.
You didn't know any spells.
Your spell library was empty.

Dungeon Overview and Level Annotations

Branches:
Dungeon (2/15)

Altars:

Annotations:
D:2 Natasha


Message History

You throw a poisoned dart.
The poisoned dart closely misses Natasha.
Throw: 19 darts (poison)
Press: ? - help, Q - select action Shift-Dir - straight line, f/p - Natasha
Aim: Natasha, carrying a wand of flame (23) (50% to hit)
You throw a poisoned dart.
The poisoned dart closely misses Natasha.
Natasha stares at you and mumbles some strange words.
The magic dart hits you.
Natasha drinks a potion.
Natasha seems to grow stronger.
An endoplasm comes into view.
The endoplasm quivers.
You hit Natasha.
Natasha is moderately wounded.
Natasha claws you but does no damage.
Natasha stares at you and mumbles some strange words.
The magic dart hits you!
You hit Natasha.
Natasha is heavily wounded.
Natasha mumbles some strange words.
You barely miss Natasha.
Natasha is heavily wounded.
Natasha zaps a wand.
The puff of flame hits you. The shadow imp gestures at you.
Pain shoots through your body!
You are too injured to fight recklessly!
You are too injured to fight recklessly!
You are too injured to fight recklessly!
You are too injured to fight recklessly!
You barely miss Natasha.
Natasha is heavily wounded.
Natasha closely misses you. Natasha claws you!
* * * LOW HITPOINT WARNING * * *
You closely miss Natasha.
Natasha is heavily wounded.
You hit the shadow imp. The shadow imp closely misses you.
Natasha closely misses you. The endoplasm freezes you.
You are frozen.
You die...

.. ########.######
#........((....
#..............
#.............. .
#?............. ..
#......hJ...... ...
......5@.....# ....
..###...#######.....
...................#
..#......##..###...
### #......###.###.
#.. #......#
#..##...###.#
#......#
##.##........
#...##.# #.##
#.###.# #... ###
#..# #.#....


You could see Natasha (strong), a shadow imp (summoned) and an endoplasm.

Vanquished Creatures
  2 endoplasms (D:1)
  A hobgoblin (D:1)
  4 jackals (D:1)
  2 quokkas (D:1)
  3 ball pythons (D:1)
  2 bats (D:1)
  3 frilled lizards
  4 goblins (D:1)
  A kobold (D:1)
  5 rats (D:1)
27 creatures vanquished.

Notes
Turn   | Place    | Note
-------+----------+-------------------------------------------
     0 | D:1      | Ijustatesigmund the Hill Orc Fighter began the quest for
                  | the Orb.
     0 | D:1      | Reached XP level 1. HP: 19/19 MP: 1/1
    45 | D:1      | Reached skill level 4 in Fighting
    81 | D:1      | Reached XP level 2. HP: 27/27 MP: 2/2
   415 | D:1      | Reached XP level 3. HP: 33/34 MP: 3/3
   819 | D:2      | Noticed Natasha
   827 | D:2      | HP: 1/34 [Natasha (11)]
   828 | D:2      | Frozen to death by an endoplasm

Illustrated notes

Levels and vault maps discovered:
D:1:      psy_arrival_fountain, layout_basic, minivault_24,
          hangedman_abyss_or_decor_stabs, minmay_small_reverse_x
D:2:      layout_basic, hellmonk_ecumenical_altar_arch_garden, uniq_natasha

Skill      XL: |  1 |
---------------+----+-----
Fighting       | 4 |  4.3
Axes           | 3 |  3.8
Armour         | |  3.2
Dodging        | |  0.1
Shields        | |  3.2

Action                   || total
-------------------------++-------
Melee: War axe           ||    72
Throw: Dart              ||     2
Armor: Scale mail        ||    33
Dodge: Dodged            ||    27
Block: Buckler           ||    21

Table legend: (Time is in decaauts)
 A = Elapsed time spent in this place.
 B = Non-inter-level travel time spent in this place.
 C = Inter-level travel time spent in this place.
 D = Time resting spent in this place.
 E = Time spent auto-exploring this place.
 F = Levels seen in this place.
 G = Mean time per level.
                   A        B        C        D        E       F      G
               +--------+--------+--------+--------+--------+-----+--------+
         Total |    853 |    827 |     26 |      0 |    630 |   2 |  426.5 |
       Dungeon |    853 |    827 |     26 |      0 |    630 |   2 |  426.5 |
               +--------+--------+--------+--------+--------+-----+--------+

Top non-repeatable levels by time:
     D:1: 781 daAuts
     D:2: 71 daAuts
